 Dungeon Crawl Stone Soup version 0.27.1-33-g824d729ab1 (webtiles) character file.

Game seed: 13794350261647041282

93 daervis the Chopper (level 4, -1/43 HPs)
             Began as a Gargoyle Berserker on Dec 23, 2021.
             Was a Believer of Trog.
             Slain by an orc priest (2 damage)
             ... on level 2 of the Dungeon.
             The game lasted 00:08:26 (1923 turns).

daervis the Chopper (Gargoyle Berserker)            Turns: 1923, Time: 00:08:26

Health: -1/43      AC: 10    Str: 22    XL:     4   Next: 61%
Magic:  0/4        EV: 11    Int:  7    God:    Trog [**....]
Gold:   52         SH:  0    Dex:  9    Spells: 3/3 levels left

rFire    . . .     SeeInvis .   a - +0 hand axe
rCold    . . .     Faith    .   (no shield)
rNeg     + . .     Spirit   +   g - +0 ring mail
rPois    ∞         Reflect  .   (no helmet)
rElec    +         Harm     .   (no cloak)
rCorr    .         Rampage  .   (no gloves)
Will     .....                  i - +0 pair of boots
Stlth    ..........             c - amulet of guardian spirit
HPRegen  0.14/turn              (no ring)
MPRegen  0.09/turn              (no ring)

@: berserking (expiring), very quick
A: sickness immunity, AC +3, negative energy resistance 1, electricity
resistance, torment resistance 1, petrification resistance
a: Renounce Religion, Berserk, Trog's Hand


You were on level 2 of the Dungeon.
You worshipped Trog.
Trog was pleased with you.
You visited 1 branch of the dungeon, and saw 3 of its levels.

You collected 52 gold pieces.

Inventory:

Hand Weapons
 a - a +0 hand axe (weapon)
Armour
 b - a +0 animal skin
 g - a +0 ring mail (worn)
 i - a +0 pair of boots (worn)
Jewellery
 c - an amulet of guardian spirit (around neck)
Scrolls
 d - a scroll of amnesia {unknown}
 h - a scroll of magic mapping {unknown}
 k - a scroll of teleportation {unknown}
Potions
 e - a potion of ambrosia {unknown}
 f - a potion of berserk rage {unknown}
 j - a potion of heal wounds {unknown}


   Skills:
 + Level 3.7 Fighting
 * Level 3.9 Axes
 + Level 2.7 Armour
 - Level 1.5 Dodging
 * Level 2.0 Stealth


You had 3 spell levels left.
You didn't know any spells.
Your spell library was empty.

Dungeon Overview and Level Annotations

Branches:
Dungeon (3/15)

Altars:

Shops:
D:2 !


Innate Abilities, Weirdness & Mutations

You are immune to sickness and miasma.
Your stone body is resilient. (AC +3)
You are immune to poison.
You resist negative energy. (rN+)
You are resistant to electric shocks. (rElec)
You are resistant to unholy torment.
You are immune to petrification.


Message History

Beogh smites you!
You closely miss the orc.
The orc is severely wounded.
The orc hits you but does no damage. The orc hits you with a +0 club.
You closely miss the orc.
The orc is severely wounded.
The orc priest calls down the wrath of Beogh upon you.
Beogh smites you!
* * * LOW HITPOINT WARNING * * *
The orc closely misses you.
A red film seems to cover your vision as you go berserk!
You feel yourself moving faster!
You feel mighty! The orc hits you but does no damage.
You slash the orc!
You kill the orc!
Trog accepts your kill. The orc closely misses you.
Items here: ( )) ? [[ †.
You slash the orc!
You kill the orc!
Trog accepts your kill.
Your ring mail prevents you from hitting the orc.
You completely miss the orc. The orc hits you with a +0 hand axe.
* * * LOW HITPOINT WARNING * * *
The orc priest looks braver for a moment.
You slash the orc!
You kill the orc!
Trog accepts your kill.
You closely miss the orc priest. You barely miss the orc priest.
The orc priest calls down the wrath of Beogh upon you.
Pain shoots through your body!
* * * LOW HITPOINT WARNING * * *
You slash the orc priest!
The orc priest is almost dead.
The orc priest hits you but does no damage.
You closely miss the orc priest.
The orc priest is almost dead.
The orc priest hits you with a +0 club.
You die...

#.#############
#..o@.........#
......##########.#
..... #.# .... #(#
##. #.# .. #.# .#
. #†# .# #.#.# ..
# #.#.#


You could see an orc priest.

Vanquished Creatures
  A gnoll (D:1)
  2 adders (D:2)
  5 dart slugs (D:1)
  4 orcs (D:2)
  5 ball pythons
  2 endoplasms (D:1)
  2 giant cockroaches (D:1)
  3 goblins (D:1)
  4 hobgoblins
  4 jackals (D:1)
  3 kobolds
  5 quokkas
  A bat (D:2)
  A frilled lizard (D:1)
  3 rats (D:1)
  A spectral goblin (D:1)
46 creatures vanquished.

Notes
Turn   | Place    | Note
-------+----------+-------------------------------------------
     0 | D:1      | daervis the Gargoyle Berserker began the quest for the Orb.
     0 | D:1      | Reached XP level 1. HP: 14/14 MP: 1/1
   223 | D:1      | Reached XP level 2. HP: 6/19 MP: 0/2
   702 | D:1      | Reached XP level 3. HP: 18/23 MP: 3/3
   793 | D:1      | Reached skill level 1 in Stealth
   884 | D:1      | Found a faded altar of an unknown god.
  1181 | D:1      | Reached ** piety under Trog
  1402 | D:2      | Reached XP level 4. HP: 29/29 MP: 2/4
  1484 | D:2      | Found Utotukem's Antique Weapon Emporium.
  1783 | D:2      | Found Facreps's Distillery.
  1921 | D:2      | HP: 1/43 [orc priest/nerve-wracking pain (5)]
  1923 | D:2      | Slain by an orc priest

Illustrated notes

Levels and vault maps discovered:
D:1:      matt_arrival_spirals, layout_basic,
          dreamdust_ecumenical_altar_drowned_temple, minmay_misc_feat_enclosed
D:2:      layout_basic, serial_shops, shop,
          nicolae_shop_competitors_out_of_business
D:3:      layout_basic, lightli_temple_of_fire,
          mainiacjoe_overflow_cross_hatched, hangedman_decor_opposing,
          grunt_ministairs_11

Skill      XL: |  1  2  3 |
---------------+----------+-----
Axes           | 3 |  3.9
Stealth        | 2 |  2.0
Fighting       | |  3.7
Armour         | |  2.7
Dodging        | |  1.5

Action                   |  1- 3 |  4- 6 || total
-------------------------+-------+-------++-------
Melee: Hand axe          |   108 |    57 ||   165
Invok: Berserk           |     3 |     1 ||     4
Armor: Animal skin       |    23 |       ||    23
       Ring mail         |    18 |    28 ||    46
Dodge: Dodged            |    73 |    32 ||   105
